 Dungeon Crawl Stone Soup version 0.25-a0-1132-g9d38388ac0 (webtiles) character file.

Game seed: 5692941624743872739, levelgen mode: deterministic

60 RaHiT the Skirmisher (level 3, 0/29 HPs)
             Began as a Demonspawn Chaos Knight on May 20, 2020.
             Was a Plaything of Xom.
             Slain by a hound (2 damage)
             ... on level 3 of the Dungeon.
             The game lasted 00:03:20 (1474 turns).

RaHiT the Skirmisher (Demonspawn Chaos Knight)      Turns: 1474, Time: 00:03:20

Health: 0/29       AC:  5    Str: 12    XL:     3   Next: 82%
Magic:  3/3        EV: 12    Int: 14    God:    Xom [......]
Gold:   51         SH:  0    Dex: 12    Spells: 2/2 levels left

rFire    + . .     SeeInvis .   a - +1 falchion (chaos)
rCold    + . .     Gourm    .   (no shield)
rNeg     . . .     Faith    .   b - +2 leather armour
rPois    +         Spirit   .   (no helmet)
rElec    +         Reflect  .   (no cloak)
rCorr    +         Harm     .   (no gloves)
MR       .....                  (no boots)
Stlth    +.........             (no amulet)
HPRegen  0.09/turn              (no ring)
MPRegen  0.08/turn              (no ring)

@: resistant
A: talons 1
a: Renounce Religion


You were on level 3 of the Dungeon.
You worshipped Xom.
You were a very special plaything of Xom.
You were not hungry.

You visited 1 branch of the dungeon, and saw 3 of its levels.

You collected 51 gold pieces.

Inventory:

Hand Weapons
 a - a +1 falchion of chaos (weapon)
 i - a +0 mace of venom
Missiles
 h - 61 stones (quivered)
Armour
 b - a +2 leather armour (worn)
Scrolls
 d - a scroll of identify {unknown}
Potions
 e - 2 potions of resistance
 f - a potion of lignification {unknown}
Comestibles
 c - 2 rations
 g - 2 chunks of flesh


   Skills:
 - Level 3.0 Fighting
 - Level 3.0 Long Blades
 + Level 1.9 Throwing
 - Level 2.0 Armour
 + Level 2.1 Dodging


You had 2 spell levels left.
You didn't know any spells.
Your spell library was empty.

Dungeon Overview and Level Annotations

Branches:
Dungeon (3/15)

Altars:
Sif Muna
Xom


Innate Abilities, Weirdness & Mutations

You have sharp toenails.


Message History

You hit the hound. You burn the hound. Your kick misses the hound.
The hound is severely wounded.
The hound bites you but does no damage.
An adder comes into view.
The hound bites you.
* * * LOW HITPOINT WARNING * * *
You closely miss the hound.
The hound is severely wounded.
The adder hisses angrily.
The hound barely misses you. The hound bites you.
* * * LOW HITPOINT WARNING * * *
It was a potion of resistance.
You feel protected.
Xom thinks this is hilarious!
The hobgoblin hits you but does no damage.
The hound bites you but does no damage. The hound bites you but does no damage.
The hound bites you.
You die...
Xom titters!

#.... #..... #
#....# .#
..####....## . ##
...........#.##...
.......#...#..(..#
...............#
.........g@..#
$....w...h#.##
............#
#.....#%....#
..##..<.S#<#
###(....#
.........
.#....##..
.....#.# ##


You could see a worm, a hound, an adder and a hobgoblin.

Vanquished Creatures
  A gnoll (D:2)
  An adder (D:2)
  An ooze (D:2)
  A worm (D:2)
  A dart slug (D:1)
  A leopard gecko (D:2)
  2 giant cockroaches
  4 goblins
  5 hobgoblins
  2 jackals (D:2)
  A quokka (D:2)
  6 bats
  2 frilled lizards (D:1)
  4 kobolds
32 creatures vanquished.

Notes
Turn   | Place    | Note
-------+----------+-------------------------------------------
     0 | D:1      | RaHiT the Demonspawn Chaos Knight began the quest for the
                  | Orb.
     0 | D:1      | Reached XP level 1. HP: 18/18 MP: 1/1
   111 | D:1      | Reached skill level 1 in Dodging
   381 | D:1      | Gained mutation: You have sharp toenails. [demonic
                  | ancestry]
   381 | D:1      | Reached XP level 2. HP: 24/24 MP: 2/2
   808 | D:1      | Reached skill level 1 in Throwing
  1113 | D:1      | XOM: silly message
  1143 | D:2      | Found a shimmering altar of Xom.
  1145 | D:2      | Found a shimmering blue altar of Sif Muna.
  1171 | D:2      | Reached XP level 3. HP: 26/29 MP: 3/3
  1229 | D:2      | XOM is BORED!
  1229 | D:2      | XOM: 3-stop teleportation journey
  1441 | D:2      | XOM: confuse monster(s)
  1445 | D:2      | XOM: summons 2 hostile demons
  1446 | D:2      | Noticed a smoke demon
  1470 | D:3      | HP: 1/29 [hound (2)]
  1474 | D:3      | Slain by a hound

Illustrated notes

Levels and vault maps discovered:
D:1:      dpeg_cavernosity, layout_basic, serial_bayou_lake_a
D:2:      layout_rooms, chequers_temple_overflow_statue_of_worship,
          okawaru_altar_gauntlet_db, uniq_jessica
D:3:      layout_rooms, overflow_temple_1_default,
          nicolae_overflow_quartered_altars

Skill      XL: |  1  2  3 |
---------------+----------+-----
Dodging        | 1 2 |  2.1
Armour         | 2 |  2.0
Throwing       | 1 |  1.9
Long Blades    | 3 |  3.0
Fighting       | |  3.0

Action                   || total
-------------------------++-------
Melee: Falchion          ||    68
       Kick              ||    16
  Use: Scroll            ||     1
       Potion            ||     1
 Stab: Paralysed         ||     1
  Eat: Chunk             ||     2
Armor: Leather armour    ||    32
Dodge: Dodged            ||    51
       Rpst.: Falchion   ||    18

Table legend:
 A = Non-vault XP
 B = Vault XP
 C = Vault XP percentage of total XP
 D = Non-vault monster count
 E = Vault monster count
 F = Vault count percentage of total count
                 A         B        C        D         E       F
            +---------+---------+-------+---------+---------+-------
      Total |      62 |      25 |  28.7 |      24 |       8 |  25.0
            +---------+---------+-------+---------+---------+-------
        D:1 |      19 |       9 |  32.1 |      11 |       5 |  31.2
        D:2 |      41 |      16 |  28.1 |      12 |       3 |  20.0
        D:3 |       2 |       0 |   0.0 |       1 |       0 |   0.0
            +---------+---------+-------+---------+---------+-------
